 Dungeon Crawl Stone Soup version 0.18.1-50-g88ac8fd (webtiles) character file.

377 thewizardguy the Magician (level 6, -2/38 HPs)
             Began as a High Elf Wizard on Oct 2, 2016.
             Was an Initiate of Qazlal.
             Slain by a giant frog skeleton (7 damage)
             ... on level 4 of the Dungeon.
             The game lasted 00:40:59 (3525 turns).

thewizardguy the Magician (High Elf Wizard)         Turns: 3525, Time: 00:40:59

Health: -2/38      AC:  5    Str:  6    XL:     6   Next: 45%
Magic:  0/16       EV: 14    Int: 24    God:    Qazlal [......]
Gold:   164        SH:  4    Dex: 14    Spells: 4 memorised, 8 levels left

rFire  + . .     SeeInvis .     o - +0 scythe
rCold  . . .     Gourm    .     a - +0 robe
rNeg   . . .     Faith    .     (shield currently unavailable)
rPois  .         Spirit   .     b - +0 hat
rElec  .         Dismiss  .     p - +2 cloak
rCorr  .         Reflect  +     (no gloves)
SustAt .         Harm     .     (no boots)
MR     .....                    l - +4 amulet of reflection
Stlth  ++........               (no ring)
                                y - ring of protection from fire

@: flying, very slightly contaminated, not resistant to hostile enchantments,
unstealthy
A: no striking features
a: Renounce Religion


You were on level 4 of the Dungeon.
You worshipped Qazlal.
Qazlal was noncommittal.
You were not hungry.

You visited 1 branch of the dungeon, and saw 4 of its levels.

You collected 170 gold pieces.
You donated 6 gold pieces to Zin.

Inventory:

Hand Weapons
 f - a +0 club
 o - a +0 scythe (weapon)
 u - a +0 rapier
Armour
 a - a +0 robe (worn)
 b - a +0 hat (worn)
 e - a +0 robe
 p - a +2 cloak (worn)
Jewellery
 l - a +4 amulet of reflection (around neck)
 y - a ring of protection from fire (left hand)
 z - an uncursed amulet of harm
Wands
 n - a wand of confusion (26/48)
 s - a wand of flame (41/48)
 t - a wand of flame (16/48)
Scrolls
 i - a scroll of amnesia
 k - 6 scrolls of remove curse
Potions
 g - a potion of agility
 m - a potion of flight
 r - a potion of heal wounds
 x - 2 potions of curing
Books
 c - a book of Minor Magic

   Spells                             Type                      Level
   a - Magic Dart                     Conjuration                  1
   b - Blink                          Translocation                2
   c - Call Imp                       Summoning                    2
   d - Repel Missiles                 Charms/Air                   2
   e - Slow                           Hexes                        2
   f - Conjure Flame                  Conjuration/Fire             3
   g - Mephitic Cloud                 Conjuration/Poison/Air       3
Comestibles
 d - 4 bread rations
 h - 5 fruits
 q - 2 meat rations


   Skills:
 + Level 1.0 Fighting
 + Level 3.8 Dodging
 + Level 3.1 Stealth
 + Level 6.0 Spellcasting
 + Level 3.4 Conjurations
 + Level 1.1 Summonings
   Level 1.1 Translocations
 + Level 0.2 Fire Magic


You had 8 spell levels left.
You knew the following spells:

 Your Spells              Type           Power        Failure   Level  Hunger
a - Magic Dart            Conj           ###.         1%          1    None
b - Call Imp              Summ           ##......     10%         2    None
c - Mephitic Cloud        Conj/Pois/Air  ##......     17%         3    #......
d - Conjure Flame         Conj/Fire      ###.....     14%         3    #......


Dungeon Overview and Level Annotations

Branches:
Dungeon (4/15)
 Temple: D:4-7

Altars:
Cheibriados
Qazlal
Ru
Trog
Vehumet
Zin


Message History

* * * LOW HITPOINT WARNING * * *
The ball python skeleton bites you but does no damage.
The ball python skeleton constricts you.
The giant frog skeleton barely misses you.
Your crimson imp hits the ball python skeleton.
The orc barely misses your crimson imp.
The ball python skeleton barely misses you.
The ball python skeleton constricts you.
The orc hits you but does no damage. The giant frog skeleton hits you.
* * * LOW HITPOINT WARNING * * *
Your crimson imp hits the ball python skeleton.
The ball python skeleton is destroyed!
Qazlal accepts your kill.
Casting: Call Imp
Confirm with . or Enter, or press ? or * to list all spells.
Aiming: Magic Dart
Press: ? - help, Shift-Dir - straight line, f - orc
Aim: an orc, wielding a hand axe and wearing a chain mail The magic dart hits the orc.
The giant frog skeleton hits you!
You die...

#########g####........######
#o# #........# #g#
#.......... #g# ###........#
#§# #........# #.#
#........# #.# ##########
#.######## #.##.goo@#
#.##..o.Z# #.##†.5go#
#.##...o.# #.##....S########
#.##............#
#.######........# #.#
#...o....#
.#####.######........#


You could see 2 gnolls, an adder (confused), 5 orcs, a giant frog skeleton and a
friendly crimson imp.

Vanquished Creatures
  Sigmund (D:2)
  3 adders
  A gnoll (D:4)
  2 oozes (D:1)
  An adder skeleton (D:4)
  3 dart slugs
  3 giant geckos
  9 orcs
  4 giant cockroaches (D:2)
  6 hobgoblins
  8 jackals
  8 kobolds
  2 ball pythons
  6 bats
  4 giant newts
  11 goblins
  11 rats
83 creatures vanquished.

Vanquished Creatures (collateral kills)
  An ogre (D:4)
  Jessica (D:3)
  A worker ant (D:4)
  An adder (D:3)
  A hobgoblin (D:1)
  A ball python skeleton (D:4)
  A giant newt (D:3)
7 creatures vanquished.

Grand Total: 90 creatures vanquished

Notes
Turn   | Place    | Note
--------------------------------------------------------------
     0 | D:1      | thewizardguy the High Elf Wizard began the quest for the Orb.
     0 | D:1      | Reached XP level 1. HP: 11/11 MP: 6/6
   113 | D:1      | Reached skill level 4 in Spellcasting
   195 | D:1      | Reached XP level 2. HP: 5/17 MP: 0/8
   202 | D:1      | Learned a level 2 spell: Call Imp
   652 | D:1      | Reached XP level 3. HP: 9/21 MP: 5/10
  1491 | D:2      | Found a sacrificial altar of Ru.
  1695 | D:2      | Reached XP level 4. HP: 14/27 MP: 0/11
  1715 | D:2      | Found a bloodstained altar of Trog.
  1717 | D:2      | Found a snail-covered altar of Cheibriados.
  1890 | D:2      | Learned a level 2 spell: Call Imp
  2079 | D:2      | Noticed Sigmund
  2145 | D:2      | HP: 1/27 [something (6)]
  2155 | D:2      | Killed Sigmund
  2155 | D:2      | Reached skill level 5 in Spellcasting
  2155 | D:2      | Reached XP level 5. HP: 2/32 MP: 4/14
  2462 | D:3      | Noticed Jessica
  2637 | D:3      | Found a glowing silver altar of Zin.
  2646 | D:3      | Became a worshipper of Zin the Law-Giver
  2793 | D:3      | Found a stormy altar of Qazlal.
  2802 | D:3      | Fell from the grace of Zin
  2802 | D:3      | Became a worshipper of Qazlal Stormbringer
  2911 | D:3      | Killed Jessica
  2911 | D:3      | Reached XP level 6. HP: 34/37 MP: 10/15
  3149 | D:3      | Reached skill level 1 in Summonings
  3369 | D:4      | Found a radiant altar of Vehumet.
  3418 | D:4      | Learned a level 3 spell: Mephitic Cloud
  3422 | D:4      | Learned a level 3 spell: Conjure Flame
  3433 | D:4      | Reached skill level 6 in Spellcasting
  3474 | D:4      | Reached skill level 1 in Fighting
  3525 | D:4      | Slain by a giant frog skeleton

Skill      XL: |  1  2  3  4  5  6 |
---------------+-------------------+-----
Spellcasting   | 4 5 6 |  6.0
Conjurations   | 3 |  3.4
Dodging        | 3 |  3.8
Stealth        | 3 |  3.1
Summonings     | 1 |  1.1
Fighting       | 1 |  1.0
Translocations | |  1.1
Fire Magic     | |  0.2

Action                   |  1- 3 |  4- 6 || total
-------------------------+-------+-------++-------
Melee: Club              |    24 |     9 ||    33
       Unarmed           |     7 |       ||     7
       Scythe            |       |    10 ||    10
 Cast: Magic Dart        |   123 |   101 ||   224
       Call Imp          |     2 |    14 ||    16
       Conjure Flame     |       |     2 ||     2
       Mephitic Cloud    |       |     2 ||     2
  Use: Potion            |     1 |     6 ||     7
       Scroll            |     2 |     7 ||     9
 Stab: Sleeping          |       |     1 ||     1
  Eat: Chunk             |     1 |     3 ||     4
       Fruit             |     1 |       ||     1
       Beef jerky        |       |     2 ||     2
Armor: Robe              |    19 |    21 ||    40
Dodge: Dodged            |    73 |    68 ||   141
Block: Other             |     3 |    17 ||    20
